 Dungeon Crawl Stone Soup version 0.30-a0-1116-gebefce21f7 (webtiles) character file.

Game seed: 16955230358864065400

73 pvanmetre the Trooper (level 4, -4/40 HPs)
             Began as a Hill Orc Fighter on Apr 20, 2023.
             Was a Follower of Makhleb.
             Slain by Terence
             ... wielding a +0 trident
              (5 damage)
             ... on level 2 of the Dungeon on Apr 21, 2023.
             The game lasted 00:20:29 (1200 turns).

pvanmetre the Trooper (Hill Orc Fighter)            Turns: 1200, Time: 00:20:30

Health: -4/40      AC: 10    Str: 20    XL:     4   Next: 27%
Magic:  4/4        EV:  7    Int:  8    God:    Makhleb [*.....]
Gold:   166        SH:  4    Dex: 10    Spells: 3/3 levels left

rFire   . . .      SeeInvis .    a - +1 war axe
rCold   . . .      Faith    .    c - +0 buckler
rNeg    . . .      Spirit   .    e - +0 chain mail
rPois   .          Reflect  .    (no helmet)
rElec   .          Rampage  .    g - +0 cloak
rCorr   .                        (no gloves)
Will    .....                    (no boots) Stlth
                                 (no amulet)
HPRegen 0.26/turn                (no ring)
MPRegen 0.09/turn                (no ring)

@: no status effects
A: no striking features
a: Renounce Religion


You were on level 2 of the Dungeon.
You worshipped Makhleb.
Makhleb was aware of your devotion.
You visited 1 branch of the dungeon, and saw 2 of its levels.

You collected 166 gold pieces.

Inventory:

Hand Weapons
 a - a +1 war axe (weapon)
 f - a +0 mace
 i - a +0 falchion
Missiles
 l - 3 boomerangs (quivered)
Armour
 b - a +0 scale mail
 c - a +0 buckler (worn)
 e - a +0 chain mail (worn)
 g - a +0 cloak (worn)
 j - a +0 leather armour
Magical Staves
 k - a staff of death
Scrolls
 h - a scroll of amnesia


   Skills:
 + Level 4.2 Fighting
 + Level 3.6 Axes
 + Level 3.9 Armour
 + Level 0.2 Dodging
 + Level 4.0 Shields


You had 3 spell levels left.
You didn't know any spells.
Your spell library was empty.

Dungeon Overview and Level Annotations

Branches:
Dungeon (2/15)

Altars:
Makhleb

Shops:
D:1 :(:

Annotations:
D:2 Terence


Message History

The giant cockroach bites you but does no damage.
You slash the giant cockroach!
You kill the giant cockroach!
Makhleb accepts your kill. Terence barely misses you.
Terence hits you but does no damage.
Your Shields skill increases to level 4!
Terence hits you from afar with a +0 trident.
You block Terence's attack.
You barely miss Terence. Terence hits you but does no damage.
You closely miss Terence. Terence hits you with a +0 trident.
You hit Terence but do no damage. Terence hits you but does no damage.
Terence barely misses you.
You slash Terence!
Terence is moderately wounded.
You block Terence's attack.
You closely miss Terence.
Terence is moderately wounded.
Terence hits you but does no damage. Terence hits you with a +0 trident.
You closely miss Terence.
Terence is moderately wounded.
Terence barely misses you.
You closely miss Terence.
Terence is moderately wounded.
Terence hits you but does no damage.
You slash Terence!
Terence is severely wounded.
You block Terence's attack. Terence hits you with a +0 trident.
You closely miss Terence.
Terence is severely wounded.
Terence closely misses you.
You closely miss Terence.
Terence is severely wounded.
Terence hits you but does no damage. Terence hits you with a +0 trident.
* * * LOW HITPOINT WARNING * * *
You hit Terence.
Terence is severely wounded.
Terence hits you with a +0 trident!
* * * LOW HITPOINT WARNING * * *
Terence hits you from afar with a +0 trident.
You die...

#........###†#####.#.# #.#
#........##..†####..#.##.. #.#
##..........#............# #.#
#.#...####...###...#.#....#.##
#.#...#####.## #B.#.##.####...
#...#....... #..#... # ####
####.####### #..####.#
#.###########..####.# .#
#.........@.@.......# ..
###################.# .#


You could see Terence.

Vanquished Creatures
  2 adders (D:2)
  2 worms (D:2)
  A dart slug (D:1)
  4 ball pythons
  4 bats
  3 endoplasms
  4 giant cockroaches
  2 hobgoblins
  7 jackals
  A kobold (D:1)
  2 quokkas
  5 frilled lizards
  5 goblins
  A rat (D:1)
43 creatures vanquished.

Notes
Turn   | Place    | Note
-------+----------+-------------------------------------------
     0 | D:1      | pvanmetre the Hill Orc Fighter began the quest for the Orb.
     0 | D:1      | Reached XP level 1. HP: 19/19 MP: 1/1
    36 | D:1      | Found a faded altar of an unknown god.
   155 | D:1      | Found Foyge Zaaraz's Book Boutique.
   225 | D:1      | Reached XP level 2. HP: 27/27 MP: 2/2
   310 | D:1      | Found Goasemig's Book Shoppe.
   365 | D:1      | Upgraded the game from 0.30-a0-1114-gd936c97349 to
                  | 0.30-a0-1116-gebefce21f7
   380 | D:1      | Found Rits's Weapon Boutique.
   403 | D:1      | Reached XP level 3. HP: 33/33 MP: 3/3
   650 | D:1      | Prayed at the altar of an unknown god.
   650 | D:1      | Became a worshipper of Makhleb the Destroyer
   650 | D:1      | Reached * piety under Makhleb
  1092 | D:2      | Reached XP level 4. HP: 33/40 MP: 4/4
  1177 | D:2      | Noticed Terence
  1199 | D:2      | HP: 1/40 [Terence/+0 trident (8)]
  1200 | D:2      | Slain by Terence

Illustrated notes

Levels and vault maps discovered:
D:1:      lightli_arrival_boilingwater, layout_loops_ring,
          basic_ecumenical_altar, serial_shops, shop,
          nicolae_shop_window_shopping, shop
D:2:      layout_loops_ring, uniq_terence

Skill      XL: |  1  2  3  4 |
---------------+-------------+-----
Fighting       | 4 |  4.2
Axes           | 3 |  3.6
Shields        | 4 |  4.0
Armour         | |  3.9
Dodging        | |  0.2

Action                     |  1- 3 |  4- 6 || total
---------------------------+-------+-------++-------
  Melee: War axe           |   131 |    31 ||   162
    Use: Scroll            |     6 |     1 ||     7
         Potion            |     5 |       ||     5
 Armour: Scale mail        |    18 |       ||    18
         Chain mail        |    87 |    14 ||   101
  Dodge: Dodged            |    55 |     8 ||    63
  Block: Buckler           |    41 |     6 ||    47

Table legend: (Time is in decaauts)
 A = Elapsed time spent in this place.
 B = Non-inter-level travel time spent in this place.
 C = Inter-level travel time spent in this place.
 D = Time resting spent in this place.
 E = Time spent auto-exploring this place.
 F = Levels seen in this place.
 G = Mean time per level.
                   A        B        C        D        E       F      G
               +--------+--------+--------+--------+--------+-----+--------+
         Total |   1266 |   1260 |      6 |      0 |      0 |   2 |  633.0 |
       Dungeon |   1266 |   1260 |      6 |      0 |      0 |   2 |  633.0 |
               +--------+--------+--------+--------+--------+-----+--------+

Top non-repeatable levels by time:
     D:1: 783 daAuts
     D:2: 483 daAuts
